 Dungeon Sprint DCSS version 0.17-a0-1642-gd4b747b (webtiles) character file.

138 nuthulu the Fighter (level 7, 0/52 HPs)
             Began as a Gargoyle Fighter on Aug 8, 2015.
             Was a Follower of Okawaru.
             Slain by an orc warrior
             ... wielding a +0 glaive
              (11 damage)
             ... in the Dungeon (Sprint VI: "Thunderdome").
             The game lasted 00:02:22 (270 turns).

nuthulu the Fighter (Gargoyle Fighter)               Turns: 270, Time: 00:02:22

Health: 0/52       AC: 13    Str: 20    XL:     7   Next: 49%
Magic:  7/7        EV:  8    Int:  8    God:    Okawaru [*.....]
Gold:   37         SH: 12    Dex: 17    Spells: 0 memorised, 6 levels left

rFire  . . .     SeeInvis +     a - +0 war axe
rCold  . . .     Clarity  .     b - +0 scale mail
rNeg   + . .     SustAt   +     c - +0 shield
rPois  ∞         Gourm    .     (no helmet)
rElec  +         Spirit   .     (no cloak)
rCorr  .         Warding  .     (no gloves)
rMut   .         NoTele   +     (no boots)
MR     .....                    (no amulet)
Stlth  +.........               p - ring "Alaozof" {SustAt Dex+6 Slay+2}
                                f - ring "Qickyon" {rElec rPois Slay+3 SInv Stlth+}

@: not resistant to hostile enchantments, very unstealthy
A: negative energy resistance 1, electricity resistance, unbreathing,
petrification resistance, rot immunity, AC +4
a: Heroism, Renounce Religion


You were in the Dungeon.
You worshipped Okawaru.
Okawaru was aware of your devotion.
You were not hungry.

You visited 1 branch You collected 400 gold pieces.
You spent 363 gold pieces at shops.

Inventory:

Hand weapons
 a - a +0 war axe (weapon)
Armour
 b - a +0 scale mail (worn)
 c - a +0 shield (worn)
Jewellery
 f - the ring "Qickyon" (left hand) {rElec rPois Slay+3 SInv Stlth+}
   (You bought it in a shop in the Dungeon)

   [ring of poison resistance]

   It affects your accuracy and damage with ranged weapons and melee attacks
   (+3).
   It insulates you from electricity.
   It protects you from poison.
   It lets you see invisible.
   It makes you more stealthy.
 p - the ring "Alaozof" (right hand) {SustAt Dex+6 Slay+2}
   (You bought it in a shop in the Dungeon)

   [ring of sustain attributes]

   It sustains your strength, intelligence and dexterity.
   It affects your dexterity (+6).
   It affects your accuracy and damage with ranged weapons and melee attacks
   (+2).
Magical devices
 l - a wand of cold (5)
 m - a wand of fire (5)
Scrolls
 k - 4 scrolls of blinking
 n - 3 scrolls of fog
Potions
 d - 5 potions of might
 g - 5 potions of heal wounds
 h - 4 potions of haste
 i - 2 potions of magic
 j - a potion of berserk rage
 o - a potion of resistance
Comestibles
 e - a bread ration


   Skills:
 + Level 9.9 Fighting
 + Level 8.0 Axes
 - Level 8.6 Armour
 - Level 8.7 Shields


You had 6 spell levels left.
You didn't know any spells.

Dungeon Overview and Level Annotations

Branches:
Dungeon (1/1)

Altars:
Cheibriados
Dithmenos
Fedhas
Gozag
Kikubaaqudgha
Makhleb
Okawaru
Qazlal
Ru
Sif Muna
Trog
Vehumet
Xom
Yredelemnul
Zin
The Shining One
Jiyva
Lugonu

Shops:
D *[%??*?*:[((!!!!


Innate Abilities, Weirdness & Mutations

You are resistant to torment.
Your stone body is resilient (AC +4).
You are immune to poison.
You resist negative energy.
You are resistant to electric shocks.
You can survive without breathing.
You are immune to petrification.
You are immune to rotting.


Message History

You block the orc warrior's attack.
You slash the orc!
You kill the orc!
Okawaru accepts your kill.
The orc warrior hits you from afar with a glaive!
Things that are here:
a flail; an orc corpse You completely miss the orc warrior.
The orc warrior hits you but does no damage.
You slash the orc warrior!
The orc warrior is moderately wounded.
The orc warrior hits you with a glaive.
You hit the orc warrior but do no damage.
The orc warrior is moderately wounded.
The orc warrior hits you with a glaive!
* * * LOW HITPOINT WARNING * * *
You hit the orc warrior.
The orc warrior is heavily wounded.
The orc warrior hits you with a glaive!
You die...

#⌠⌠⌠## #.....# ##.....##
##∩.....∩## #∩.......∩#
#_......._# #_........#
#_......o_# ###....[..@.###
#⌠...........o#
######.8.....†...8.######
##∩.._......###......__.∩##
#∩...[....8.# #.8........∩###
............###.............##
..†......###...###..........⌠#
.†.......# #.<.# #..........⌠#
.........###...###..........⌠#


You could see an orc warrior and an orc priest (wandering).

Vanquished Creatures
  Eustachio (D)
  A necrophage (D)
  6 killer bees (D)
  2 wights (D)
  A crimson imp (D)
  An iron imp (D)
  2 shadow imps (D)
  An ufetubus (D)
  An adder skeleton (D)
  An orc (D)
  A bat skeleton (D)
18 creatures vanquished.

Notes
Turn   | Place    | Note
--------------------------------------------------------------
     0 | D        | nuthulu the Gargoyle Fighter began the quest for the Orb.
     0 | D        | Reached XP level 1. HP: 14/14 MP: 1/1
     1 | D        | Found a radiant altar of Vehumet.
     1 | D        | Found a viscous altar of Jiyva.
     2 | D        | Found a basalt altar of Yredelemnul.
     4 | D        | Found Pauganeo's Distillery.
     4 | D        | Found a bloodstained altar of Trog.
     4 | D        | Found a blossoming altar of Fedhas.
     4 | D        | Found Symnupis's Do-It-Yourself Clinic.
     5 | D        | Found Feoghuo's Distillery.
     5 | D        | Found Donnifeh's Bottled Wisdom.
     5 | D        | Round 1.
     8 | D        | Noticed a wight
    12 | D        | Bought 6 potions of might for 168 gold pieces
    21 | D        | Killed a wight
    21 | D        | Reached skill level 4 in Fighting
    21 | D        | Reached XP level 2. HP: 8/20 MP: 2/2
    21 | D        | Reached XP level 3. HP: 10/25 MP: 3/3
    23 | D        | Noticed a necrophage
    32 | D        | Killed a necrophage
    32 | D        | Reached skill level 6 in Fighting
    32 | D        | Reached XP level 4. HP: 13/32 MP: 4/4
    32 | D        | Reached XP level 5. HP: 14/36 MP: 5/5
    34 | D        | Found an opulent altar of Gozag.
    34 | D        | Found Waunex's Staff Store.
    36 | D        | Found an iron altar of Okawaru.
    36 | D        | Found a sacrificial altar of Ru.
    36 | D        | Found a stormy altar of Qazlal.
    36 | D        | Found Foediwn's Magic Scroll Shop.
    36 | D        | Found Sudol's Must-Have Magic.
    36 | D        | Found Ebyofr Osin's Magic Scroll Shop.
    40 | D        | Found a glowing silver altar of Zin.
    44 | D        | Became a worshipper of Warmaster Okawaru
    61 | D        | Reached skill level 5 in Axes
    87 | D        | Arena points: 12 (+12) [x2]
   113 | D        | Round 2.
   119 | D        | Noticed Eustachio
   120 | D        | Found Mutwi's Bee Food.
   122 | D        | Found Riatauc's Jewellery.
   122 | D        | Found Kail Huc's Advanced Armour.
   126 | D        | Found a corrupted altar of Lugonu.
   126 | D        | Found a shimmering altar of Xom.
   126 | D        | Found Feilud's Identification Station.
   134 | D        | Reached skill level 7 in Fighting
   147 | D        | Killed Eustachio
   147 | D        | Acquired Okawaru's first power
   147 | D        | Reached skill level 8 in Fighting
   147 | D        | Reached XP level 6. HP: 13/44 MP: 6/6
   152 | D        | Arena points: 54 (+42) [x3]
   160 | D        | Bought a shimmering copper ring for 45 gold pieces
   160 | D        | Bought a bound marble ring for 45 gold pieces
   160 | D        | Identified the ring "Qickyon" {rElec rPois Slay+3 SInv Stlth+} (You bought it in a shop in the Dungeon)
   161 | D        | Identified the ring "Alaozof" {SustAt Dex+6 Slay+2} (You bought it in a shop in the Dungeon)
   178 | D        | Round 3.
   185 | D        | Reached XP level 7. HP: 33/50 MP: 7/7
   189 | D        | Reached skill level 9 in Fighting
   197 | D        | Found a burning altar of Makhleb.
   198 | D        | Found a snail-covered altar of Cheibriados.
   199 | D        | Found a shadowy altar of Dithmenos.
   200 | D        | Found a glowing golden altar of the Shining One.
   200 | D        | Found a deep blue altar of Sif Muna.
   200 | D        | Found an ancient bone altar of Kikubaaqudgha.
   200 | D        | Found Hafes's Premium Goods.
   200 | D        | Found Vuskam's Weapon Rack.
   201 | D        | Found Cainioph's Miscellaneous Merchandise.
   201 | D        | Found Qaynuenk's Basic Armour.
   224 | D        | Arena points: 138 (+84) [x4]
   237 | D        | Bought 3 potions of heal wounds for 105 gold pieces
   250 | D        | Round 4.
   270 | D        | Slain by an orc warrior

Vault maps used:
D:        arena_sprint

Action                   |  1- 3 |  4- 6 |  7- 9 || total
-------------------------+-------+-------+-------++-------
Melee: War axe           |    12 |    49 |    16 ||    77
  Use: Potion            |     1 |     4 |       ||     5
